Map: Lightshade LE

Players

HeroMarine - Winner!

  • Race: Terran Terran
  • League: Master

SKillous

  • Race: Protoss Protoss
  • League: Grandmaster

Event: DreamHack SC2 Masters 2021 Summer

VOD

Have the link to the VOD?

Description

Time

  • Played on: May 27, 2021, 10:57 a.m.
  • Length: 11:27

All games in this series

Show
View Real Time Build Order
Export as new Build Order

HeroMarine Terran - Winner!

Build Orders: Reaper Expand 

Get SALT Encoding   

  12  0:00  SCV  
  13  0:12  SCV  
  14  0:17  Supply Depot  
  14  0:24  SCV  
  15  0:38  SCV  
  15  0:40  Barracks  
  16  0:43  Refinery  
  16  0:50  SCV  
  17  1:03  SCV  
  18  1:15  SCV  
  19  1:27  Reaper, Orbital Command  
  20  1:44  Command Center  
  20  1:51  Supply Depot  
  20  1:53  SCV  
  21  1:59  Marine  
  22  2:06  SCV  
  23  2:09  Factory  
  23  2:19  SCV, Bunker  
  24  2:23  Barracks Reactor  
  24  2:28  Refinery  
  24  2:31  SCV  
  25  2:43  SCV  
  26  2:54  Hellion  
  26  2:55  SCV  
  26  2:56  Orbital Command  
  26  2:57  Starport  
  29  3:00  Marine  
  29  3:03  Marine  
  31  3:07  SCV  
  32  3:15  Hellion  
  32  3:18  Marine  
  36  3:20  SCV  
  36  3:21  Marine  
  36  3:22  SCV  
  36  3:26  Supply Depot  
  38  3:33  Medivac  
  40  3:35  SCV  
  40  3:36  SCV  
  40  3:38  Hellion  
  40  3:40  Marine  
  45  3:42  Marine  
  45  3:48  SCV  
  47  3:49  Supply Depot  
  47  3:50  SCV  
  48  3:58  Marine  
  48  3:59  Factory Tech Lab  
  48  4:00  SCV, Marine  
  48  4:02  SCV  
  52  4:03  Barracks  
  52  4:04  Starport Tech Lab  
  52  4:12  SCV  
  52  4:14  SCV  
  52  4:16  Marine  
  55  4:17  Marine  
  56  4:24  SCV  
  56  4:27  Raven  
  56  4:29  Barracks  
  56  4:30  Refinery  
  56  4:31  Engineering Bay  
  59  4:33  SCV  
  59  4:36  SCV  
  59  4:37  Marine x2  
  62  4:45  SCV  
  59  4:49  SCV, Supply Depot  
  59  4:51  Supply Depot  
  60  4:59  Terran Infantry Weapons Level 1  
  43  5:00  Stimpack  
  61  5:06  Refinery  
  62  5:09  Marauder  
  62  5:11  SCV x2, Marine x2  
  66  5:14  Supply Depot  
  66  5:17  Supply Depot  
  66  5:19  Factory Reactor  
  66  5:22  Combat Shield  
  66  5:23  SCV x2  
  66  5:24  Starport Reactor  
  66  5:28  Marauder  
  70  5:30  Marauder, Marine x2  
  75  5:35  SCV x2  
  75  5:38  Supply Depot  
  76  5:48  Marine x2, Supply Depot  
  76  5:49  Marauder  
  80  5:51  Marauder  
  80  5:57  Widow Mine x2  
  86  6:00  Supply Depot  
  86  6:01  Medivac x2  
  90  6:05  Marine  
  90  6:06  Marine  
  90  6:11  Marauder  
  94  6:13  Marauder  
  94  6:18  SCV  
  97  6:19  SCV, Command Center  
  97  6:23  Widow Mine x2  
  102  6:25  Supply Depot  
  102  6:28  Marine x2  
  102  6:31  Medivac x2  
  108  6:38  Marauder x2  
  108  6:39  Concussive Shells  
  114  6:49  Widow Mine  
  114  6:53  SCV  
  114  6:54  SCV  
  114  6:56  Barracks x2  
  114  7:06  Marauder x2  
  114  7:07  Marine x2  
  109  7:09  Medivac x2  
  109  7:10  SCV  
  109  7:11  SCV  
  106  7:19  Widow Mine x2  
  106  7:25  SCV x2, Marine x2  
  106  7:28  Marauder  
  111  7:37  Orbital Command  
  111  7:39  SCV x2  
  111  7:41  Marauder  
  111  7:42  Widow Mine x2  
  119  7:45  Medivac x2  
  119  7:49  Marauder  
  122  7:51  SCV x2  
  122  7:52  Barracks Reactor, Barracks Tech Lab  
  122  7:54  Terran Infantry Armor Level 1  
  122  7:55  Marine  
  122  7:57  Marine  
  126  8:03  SCV x2  
  126  8:04  Marauder  
  126  8:05  Widow Mine  
  128  8:07  Widow Mine  
  128  8:09  Orbital Command  
  125  8:13  Marauder  
  125  8:16  SCV x2  
  125  8:18  Marauder, Marine x2  
  129  8:25  Marauder  
  129  8:26  Widow Mine  
  133  8:28  SCV x2  
  133  8:30  Marine x2  
  133  8:34  Marine  
  136  8:36  Marine  
  136  8:39  Refinery, Marauder  
  136  8:40  SCV  
  136  8:41  SCV  
  138  8:44  Refinery  
  138  8:46  Ghost Academy  
  138  8:47  Marauder  
  139  8:51  Armory, Engineering Bay  
  139  8:53  Widow Mine  
  141  8:58  Medivac x2, Supply Depot  
  141  8:59  Widow Mine  
  147  9:04  Marauder  
  149  9:18  Marine  
  149  9:20  Widow Mine, Marauder x2, Marine x3  
  149  9:23  Widow Mine  
  157  9:25  Marauder  
  156  9:35  Medivac, Supply Depot x2  
  156  9:36  SCV, Marine, Medivac  
  156  9:37  Marine x2  
  156  9:38  Marine  
  163  9:39  SCV  
  163  9:40  Bunker  
  165  9:52  Supply Depot  
  165  9:56  Ghost  
  165  9:57  Marauder, Marine x4  
  165  9:58  Marine  
  174  10:01  Enhanced Shockwaves  
  174  10:05  Viking  
  174  10:06  Viking  
  177  10:14  Marine  
  177  10:15  Marauder  
  177  10:17  Widow Mine x2  
  177  10:18  Marine x2  
  177  10:19  Marauder  
  177  10:20  Marine  
  189  10:33  Marine  
  189  10:38  Command Center  
  189  10:39  Supply Depot  
  189  10:43  Marauder x2, Marine x2, Medivac  
  189  10:47  Ghost  
  189  10:48  Marine  
  192  10:53  Widow Mine x2  
  196  11:02  Marine x2  
Show
View Real Time Build Order
Export as new Build Order

SKillous Protoss 

Build Orders: 1 Gate Expand, Blink Stalkers, Zealot Archon 

Get SALT Encoding   

  12  0:00  Probe  
  13  0:12  Probe  
  14  0:19  Pylon  
  14  0:24  Probe  
  15  0:37  Probe (Chrono Boost), Gateway  
  16  0:46  Probe (Chrono Boost), Assimilator  
  17  0:51  Probe  
  18  1:03  Probe  
  19  1:15  Probe  
  20  1:24  Cybernetics Core  
  20  1:32  Nexus  
  20  1:40  Pylon  
  20  1:43  Probe  
  21  1:49  Assimilator  
  21  1:55  Probe  
  21  1:57  Adept (Chrono Boost)  
  24  2:02  Warp Gate  
  24  2:07  Probe  
  25  2:17  Stalker (Chrono Boost)  
  25  2:20  Probe  
  28  2:32  Probe  
  28  2:33  Twilight Council  
  29  2:44  Probe (Chrono Boost)  
  31  2:50  Probe (Chrono Boost)  
  31  2:53  Probe (Chrono Boost)  
  31  2:55  Robotics Facility  
  31  2:57  Probe (Chrono Boost)  
  31  2:58  Probe (Chrono Boost)  
  33  3:04  Gateway  
  34  3:08  Probe  
  34  3:10  Probe  
  36  3:16  Blink (Chrono Boost)  
  36  3:20  Probe  
  36  3:22  Probe  
  36  3:25  Shield Battery  
  38  3:32  Probe  
  39  3:34  Probe  
  39  3:41  Nexus  
  40  3:45  Pylon  
  40  3:47  Observer (Chrono Boost)  
  40  3:48  Probe  
  42  3:50  Probe  
  42  3:55  Stalker  
  45  3:57  Assimilator  
  45  4:00  Probe  
  46  4:03  Probe  
  46  4:04  Observer, Pylon  
  48  4:12  Probe, Assimilator  
  48  4:16  Stalker  
  51  4:17  Probe  
  52  4:24  Probe  
  52  4:27  Observer  
  52  4:30  Probe, Pylon, Stalker  
  50  4:38  Probe (Chrono Boost)  
  46  4:51  Probe (Chrono Boost)  
  48  4:53  Probe (Chrono Boost)  
  48  4:59  Probe (Chrono Boost)  
  51  5:00  Probe (Chrono Boost), Templar Archives  
  51  5:01  Probe (Chrono Boost)  
  51  5:06  Probe (Chrono Boost), Gateway  
  53  5:07  Probe (Chrono Boost), Gateway  
  53  5:08  Probe (Chrono Boost)  
  53  5:12  Charge  
  54  5:16  Probe (Chrono Boost)  
  57  5:25  Probe (Chrono Boost)  
  57  5:27  Probe (Chrono Boost)  
  58  5:28  Probe (Chrono Boost)  
  58  5:29  Psionic Storm  
  58  5:32  Gateway x2  
  58  5:33  Probe (Chrono Boost)  
  59  5:47  Gateway  
  59  5:50  Gateway  
  59  5:55  High Templar x2  
  59  5:57  Probe x2  
  65  5:59  Probe  
  66  6:04  Zealot  
  66  6:05  Zealot  
  66  6:09  Probe x2  
  72  6:12  Probe  
  72  6:13  Warp Prism (Chrono Boost)  
  75  6:21  Probe  
  75  6:24  High Templar  
  78  6:25  High Templar  
  78  6:29  Shield Battery  
  78  6:30  Zealot x2  
  84  6:33  Pylon  
  84  6:36  Pylon  
  84  6:39  Pylon  
  84  6:53  High Templar x2, Zealot  
  84  6:54  Zealot x3  
  96  6:55  Probe x2  
  96  6:57  Archon  
  88  7:11  Probe x3  
  91  7:17  Archon x2  
  91  7:19  Zealot x6  
  91  7:21  Immortal (Chrono Boost)  
  99  7:23  Probe  
  99  7:26  Probe x2  
  102  7:30  High Templar x2  
  102  7:35  Probe  
  107  7:41  Pylon  
  107  7:43  Pylon  
  107  7:45  Assimilator  
  107  7:53  Shield Battery, Pylon  
  107  7:55  Stalker  
  109  8:01  Stalker x4  
  109  8:02  Stalker  
  115  8:07  Pylon  
  115  8:09  Pylon  
  115  8:10  Zealot x2  
  103  8:13  Probe  
  103  8:17  Probe  
  103  8:18  Probe  
  106  8:22  Stalker  
  106  8:25  Stalker x2  
  112  8:29  Probe  
  112  8:31  Probe  
  112  8:32  Probe  
  112  8:41  Probe  
  113  8:42  Zealot x4  
  113  8:45  High Templar  
  124  8:48  High Templar, Pylon  
  124  8:54  Assimilator  
  125  8:55  Pylon  
  125  8:58  Assimilator  
  125  9:02  Zealot x4  
  133  9:16  Zealot x2  
  131  9:21  Forge  
  131  9:22  Forge  
  131  9:24  Gateway  
  113  9:28  Gateway  
  109  9:34  Probe  
  109  9:37  Zealot x7  
  119  9:47  Probe  
  119  9:51  Probe  
  121  9:56  Sentry  
  121  10:11  Robotics Bay  
  121  10:12  Zealot  
  121  10:13  Probe  
  121  10:14  Robotics Facility  
  119  10:18  Zealot x6  
  125  10:35  Zealot x4  
  123  10:40  Zealot x5  
  123  10:41  Observer (Chrono Boost)  
  130  10:44  High Templar  
  132  10:56  High Templar  
  132  10:57  High Templar x2, Disruptor (Chrono Boost)  
  136  10:59  High Templar  
  136  11:03  Zealot  
  148  11:07  Pylon  
  148  11:09  Pylon  
  148  11:10  Pylon  
  146  11:16  Zealot  
  146  11:17  Zealot x3  
  132  11:20  Zealot  
Tags
 
Add a new tag
Caveats
  • Supply blocks, unpowered buildings, or Contaminate may cause inaccurate times.
  • Supply counts are checked every 10 seconds.